 Dungeon Crawl Stone Soup version 0.21-a0-538-gd16b88a (webtiles) character file.

479 tsouns the Magician (level 6, -1/32 HPs)
             Began as a Deep Elf Conjurer on Dec 16, 2017.
             Slain by a two-headed ogre
             ... wielding a +0 giant club
              (13 damage)
             ... on level 3 of the Dungeon.
             The game lasted 00:07:49 (2057 turns).

tsouns the Magician (Deep Elf Conjurer)             Turns: 2057, Time: 00:07:50

Health: -1/32      AC:  4    Str:  5    XL:     6   Next: 86%
Magic:  9/18       EV: 13    Int: 22    God:
Gold:   187        SH:  0    Dex: 17    Spells: 1/19 levels left

rFire    . . .     SeeInvis .   r - +0 dagger (venom)
rCold    . . .     Gourm    .   (no shield)
rNeg     . . .     Faith    .   q - +0 robe {MR+}
rPois    .         Spirit   .   p - +1 helmet
rElec    .         Reflect  .   (no cloak)
rCorr    .         Harm     .   (no gloves)
MR       +....                  (no boots)
Stlth    ++........             (no amulet)
HPRegen  0.10/turn              n - ring of wizardry
MPRegen  0.16/turn              k - +2 ring of dexterity

@: no status effects
A: no striking features
a: no special abilities


You were on level 3 of the Dungeon.
You were hungry.

You visited 1 branch of the dungeon, and saw 3 of its levels.

You collected 187 gold pieces.

Inventory:

Hand Weapons
 r - a +0 dagger of venom (weapon)
Armour
 p - a +1 helmet (worn)
 q - a +0 robe of magic resistance (worn)
Jewellery
 k - a +2 ring of dexterity (right hand)
 n - a ring of wizardry (left hand)
Wands
 j - a wand of acid (13)
Scrolls
 a - a scroll of teleportation {unknown}
 e - 4 scrolls of remove curse
 i - a scroll of enchant weapon
Potions
 d - 3 potions of curing {unknown}
 g - a potion of heal wounds
 l - a potion of ambrosia {unknown}
 s - 2 potions of lignification {unknown}
Books
 b - a book of Conjurations

   Spells                             Type                      Level
   a - Magic Dart                     Conjuration                  1
   b - Searing Ray                    Conjuration                  2
   c - Dazzling Spray                 Conjuration/Hexes            3
   d - Fulminant Prism                Conjuration/Hexes            4
   e - Force Lance                    Conjuration/Translocation    4
   f - Iskenderun's Mystic Blast      Conjuration                  4
Comestibles
 c - a bread ration
 f - 2 royal jellies
 o - 4 chunks of flesh


   Skills:
 - Level 2.4 Dodging
 - Level 2.4 Stealth
 + Level 7.3 Spellcasting
 + Level 7.1 Conjurations


You had one spell level left.
You knew the following spells:

 Your Spells              Type           Power        Failure   Level  Hunger
a - Magic Dart            Conj           ####         1%          1    None
b - Searing Ray           Conj           #####.       1%          2    None
c - Dazzling Spray        Conj/Hex       ###...       2%          3    None
d - Iskenderun's Mystic   Conj           #####...     1%          4    ###....
e - Force Lance           Conj/Tloc      ###.....     8%          4    ###....
f - Fulminant Prism       Conj/Hex       ###.......   8%          4    ###....


Dungeon Overview and Level Annotations

Branches:
Dungeon (3/15)

Altars:
Dithmenos


Message History

Confirm with . or Enter, or press ? or * to list all spells.
Aiming: Magic Dart
Press: ? - help, Shift-Dir - straight line, f/p - two-headed ogre
Aim: a two-headed ogre, wielding two giant clubs (moderately wounded)
The magic dart hits the two-headed ogre.
The two-headed ogre is moderately wounded.
Casting: Magic Dart
Confirm with . or Enter, or press ? or * to list all spells.
Aiming: Searing Ray
Press: ? - help, Shift-Dir - straight line, f/p - two-headed ogre
Aim: a two-headed ogre, wielding two giant clubs (moderately wounded)
The searing ray hits the two-headed ogre.
The two-headed ogre is heavily wounded. (Press . to maintain the ray.)
The searing ray hits the two-headed ogre.
The two-headed ogre is heavily wounded.
The two-headed ogre hits you with a giant club!!
Ouch! That really hurt!
The two-headed ogre hits you with a giant club!
You die...

#...
#...###
#...†.#
..##..##.#
.._#. #.#
..## #.#
.8# #.# #
#O# #@#
#.# #.#
#.# #.#
#.# #.#
#.# #.#


You could see a two-headed ogre.

Vanquished Creatures
  Grinder (D:3)
  The ghost of tidbits the Insei, an amateur GnTm (D:3)
  Jessica (D:3)
  Robin (D:2)
  4 gnolls (D:3)
  3 adders
  A worm (D:3)
  2 dart slugs (D:1)
  2 leopard geckos
  3 orcs (D:3)
  2 giant cockroaches
  14 goblins
  3 hobgoblins
  3 kobolds
  3 quokkas
  A ball python (D:2)
  5 bats
  3 frilled lizards
  5 rats
58 creatures vanquished.

Vanquished Creatures (others)
  3 fulminant prisms (D:3)
3 creatures vanquished.

Grand Total: 61 creatures vanquished

Notes
Turn   | Place    | Note
-------+----------+-------------------------------------------
     0 | D:1      | tsouns the Deep Elf Conjurer began the quest for the Orb.
     0 | D:1      | Reached XP level 1. HP: 10/10 MP: 6/6
   245 | D:1      | Reached XP level 2. HP: 15/15 MP: 4/8
   249 | D:1      | Learned a level 2 spell: Searing Ray
   705 | D:2      | Reached skill level 5 in Conjurations
   705 | D:2      | Reached XP level 3. HP: 14/19 MP: 2/10
   761 | D:2      | Noticed Robin
   771 | D:2      | Killed Robin
  1187 | D:2      | Reached XP level 4. HP: 23/24 MP: 9/12
  1467 | D:2      | Learned a level 3 spell: Dazzling Spray
  1472 | D:2      | Learned a level 4 spell: Iskenderun's Mystic Blast
  1611 | D:3      | Reached skill level 5 in Spellcasting
  1728 | D:3      | Noticed Jessica
  1739 | D:3      | Killed Jessica
  1739 | D:3      | Reached XP level 5. HP: 28/28 MP: 8/14
  1778 | D:3      | Noticed Grinder
  1801 | D:3      | Killed Grinder
  1801 | D:3      | Reached XP level 6. HP: 32/32 MP: 8/17
  1804 | D:3      | Noticed tidbits's ghost (amateur GnTm)
  1809 | D:3      | Killed tidbits's ghost
  1922 | D:3      | Learned a level 4 spell: Force Lance
  1964 | D:3      | Learned a level 4 spell: Fulminant Prism
  2044 | D:3      | Found a shadowy altar of Dithmenos.
  2044 | D:3      | Noticed a two-headed ogre
  2057 | D:3      | Slain by a two-headed ogre

Vault maps used:
D:1:      grunt_arrival_crossed_arrows
D:2:      serial_corexii_hall, corexii_hall_statues_s, corexii_hall_statues_l,
          corexii_hall_statues_deadend, corexii_hall_statues_l, uniq_robin
D:3:      nicolae_overflow_hidden_temple, uniq_jessica, uniq_grinder

Skill      XL: |  1  2  3  4  5  6 |
---------------+-------------------+-----
Spellcasting   | 4 5 6 7 |  7.3
Conjurations   | 5 6 7 |  7.1
Dodging        | |  2.4
Stealth        | |  2.4

Action                   |  1- 3 |  4- 6 || total
-------------------------+-------+-------++-------
 Cast: Magic Dart        |    58 |    49 ||   107
       Searing Ray       |     1 |     5 ||     6
       Fulminant Prism   |       |     3 ||     3
Evoke: Wand              |       |     1 ||     1
  Use: Scroll            |     9 |       ||     9
  Eat: Chunk             |     1 |     2 ||     3
Armor: Robe              |     1 |     1 ||     2
Dodge: Dodged            |     3 |     9 ||    12

Table legend:
 A = Spawn XP
 B = Non-spawn XP
 C = Spawn XP percentage of total XP
 D = Spawn monster count
 E = Non-spawn monster count
 F = Spawn count percentage of total count
 G = Total turns spent on level
                    A         B        C        D         E        F      G
               +---------+---------+-------+---------+---------+-------+---------
         Total |       0 |     685 |   0.0 |       0 |      58 |   0.0 |  2057
               +---------+---------+-------+---------+---------+-------+---------
           D:1 |       0 |      30 |   0.0 |       0 |      16 |   0.0 |   712
           D:2 |       0 |      75 |   0.0 |       0 |      22 |   0.0 |   762
           D:3 |       0 |     580 |   0.0 |       0 |      20 |   0.0 |   583
               +---------+---------+-------+---------+---------+-------+---------
